 Dungeon Crawl Stone Soup version 0.22-a0-551-g3b2bdd4ba6 (webtiles) character file.

121 nulman the Poker (level 5, -1/39 HPs)
             Began as a Merfolk Skald on June 25, 2018.
             Slain by a centaur (9 damage)
             ... on level 2 of the Dungeon.
             The game lasted 00:08:25 (2323 turns).

nulman the Poker (Merfolk Skald)                    Turns: 2323, Time: 00:08:26

Health: -1/39      AC:  4    Str: 12    XL:     5   Next: 5%
Magic:  0/8        EV: 12    Int: 13    God:
Gold:   52         SH:  0    Dex: 13    Spells: 0/8 levels left

rFire    . . .     SeeInvis .   a - +0 spear
rCold    . . .     Gourm    .   (no shield)
rNeg     . . .     Faith    .   b - +0 leather armour
rPois    .         Spirit   .   l - +0 helmet
rElec    .         Reflect  .   (no cloak)
rCorr    .         Harm     .   (no gloves)
MR       .....                  (no boots)
Stlth    +.........             (no amulet)
HPRegen  0.13/turn              (no ring)
MPRegen  0.11/turn              (no ring)

@: infused
A: change form in water, swift swim, stealthy swim
a: no special abilities


You were on level 2 of the Dungeon.
You were hungry.

You visited 1 branch of the dungeon, and saw 2 of its levels.

You collected 52 gold pieces.

Inventory:

Hand Weapons
 a - a +0 spear (weapon)
Missiles
 i - 42 stones (quivered)
 n - 12 poisoned needles
Armour
 b - a +0 leather armour (worn)
 l - a +0 helmet (worn)
Scrolls
 c - a scroll of amnesia {unknown}
 f - a scroll of remove curse {unknown}
 h - a scroll of identify {unknown}
 k - a scroll of fog {unknown}
 o - a scroll of fear {unknown}
Potions
 e - a potion of lignification {unknown}
 g - a potion of agility {unknown}
 m - a potion of curing
Comestibles
 d - 4 rations
 j - 2 chunks of flesh


   Skills:
 + Level 2.6 Fighting
 + Level 4.4 Polearms
 - Level 0.6 Armour
 + Level 3.0 Dodging
 + Level 2.4 Spellcasting
 * Level 4.4 Charms
 * Level 1.1 Translocations


You couldn't memorise any spells.
You knew the following spells:

 Your Spells              Type           Power        Failure   Level  Hunger
a - Infusion              Chrm           ##..         4%          1    #......
b - Song of Slaying       Chrm           ##......     8%          2    ###....
c - Shroud of Golubria    Chrm/Tloc      #.........   16%         2    ###....
d - Spectral Weapon       Hex/Chrm       #.......     36%         3    ###....

Your spell library contained the following spells:

 Spells                   Type           Power        Failure   Level  Hunger
 Regeneration             Chrm/Necr      #.........   36%         3    ###....


Dungeon Overview and Level Annotations

Branches:
Dungeon (2/15)

Altars:


Message History

Casting: Shroud of Golubria (safe; 16% risk of failure)
Confirm with . or Enter, or press ? or * to list all spells.
You don't know that spell.
You are too injured to fight recklessly!
You are too injured to fight recklessly!
You are too injured to fight recklessly!
You are too injured to fight recklessly!
You are too injured to fight recklessly!
You hit the centaur but do no damage.
The centaur is severely wounded.
The centaur hits you.
* * * LOW HITPOINT WARNING * * *
You hit the centaur but do no damage.
The centaur is severely wounded.
The centaur hits you!
* * * LOW HITPOINT WARNING * * *
It was a potion of curing.
You feel better. The centaur hits you.
* * * LOW HITPOINT WARNING * * *
The centaur hits you!
You die...

#.#.......#..####...)......
#.#.............#..........
..#.......#..##.#.####.#...
####.........##.#.####.#..#
#..............#.......#
#.........#..###.##....#
#......####..# #.##<#...
#.##.....รท...###.##....#
#.#(...@.........##.#..#
....##c####.##.........# #
#. #.............. #.
#........#..##. ..
#.....#.....##. ##
#.........#....
#.###.......#.#
#.#####..####.#
#........####.#


You could see a centaur.

Vanquished Creatures
  A gnoll (D:1)
  3 adders (D:2)
  An ooze (D:2)
  6 worms (D:2)
  2 leopard geckos
  5 bats
  2 giant cockroaches
  9 goblins
  9 hobgoblins
  2 jackals (D:1)
  A quokka (D:2)
  3 frilled lizards (D:1)
  7 kobolds
  10 rats
61 creatures vanquished.

Notes
Turn   | Place    | Note
-------+----------+-------------------------------------------
     0 | D:1      | nulman the Merfolk Skald began the quest for the Orb.
     0 | D:1      | Reached XP level 1. HP: 16/16 MP: 3/3
   222 | D:1      | Reached XP level 2. HP: 22/22 MP: 5/5
   295 | D:1      | Learned a level 2 spell: Song of Slaying
   298 | D:1      | Learned a level 2 spell: Shroud of Golubria
   461 | D:1      | Reached XP level 3. HP: 21/28 MP: 1/6
  1355 | D:2      | Reached XP level 4. HP: 23/34 MP: 1/7
  1612 | D:2      | Reached skill level 1 in Translocations
  2168 | D:2      | Reached XP level 5. HP: 39/39 MP: 8/8
  2305 | D:2      | Learned a level 3 spell: Spectral Weapon
  2306 | D:2      | Noticed a centaur
  2323 | D:2      | Slain by a centaur

Vault maps used:
D:1:      elethiomel_arrival_maze, minmay_misc_feat_square
D:2:      minivault_14, st_stairs_3, kennysheep_nondescript

Skill      XL: |  1  2  3  4 |
---------------+-------------+-----
Charms         | 4 |  4.4
Polearms       | 4 |  4.4
Dodging        | 3 |  3.0
Translocations | 1 |  1.1
Fighting       | |  2.6
Armour         | |  0.6
Spellcasting   | |  2.4

Action                   |  1- 3 |  4- 6 || total
-------------------------+-------+-------++-------
Melee: Spear             |   124 |   112 ||   236
       Tailslap          |       |     2 ||     2
Throw: Stone             |    11 |     6 ||    17
 Cast: Infusion          |     3 |     3 ||     6
       Song of Slaying   |     1 |     2 ||     3
       Shroud of Golubri |       |     5 ||     5
  Use: Potion            |       |     1 ||     1
 Stab: Sleeping          |       |     2 ||     2
  Eat: Chunk             |     2 |     3 ||     5
Armor: Leather armour    |    22 |    24 ||    46
Dodge: Dodged            |    60 |    57 ||   117

Table legend:
 A = Spawn XP
 B = Non-spawn XP
 C = Spawn XP percentage of total XP
 D = Spawn monster count
 E = Non-spawn monster count
 F = Spawn count percentage of total count
 G = Total turns spent on level
                    A         B        C        D         E        F      G
               +---------+---------+-------+---------+---------+-------+---------
         Total |       0 |     173 |   0.0 |       0 |      61 |   0.0 |  2323
               +---------+---------+-------+---------+---------+-------+---------
           D:1 |       0 |      62 |   0.0 |       0 |      31 |   0.0 |  1087
           D:2 |       0 |     111 |   0.0 |       0 |      30 |   0.0 |  1236
               +---------+---------+-------+---------+---------+-------+---------
